Map: Dusk Towers

Players

Pokebunny

  • Race: Terran Terran
  • League: Grandmaster

EJK - Winner!

  • Race: Terran Terran
  • League: Master

VOD

Have the link to the VOD?

Description

Time

  • Played on: April 4, 2016, 5:36 p.m.
  • Length: 11:14
Show
View Real Time Build Order
Export as new Build Order

Pokebunny Terran 

Build Orders: Reaper Expand, Bio Tank 

Get SALT Encoding   

  12  0:00  SCV  
  13  0:13  SCV  
  14  0:17  Supply Depot  
  14  0:25  SCV  
  15  0:38  SCV  
  15  0:39  Barracks  
  16  0:44  Refinery  
  16  0:50  SCV  
  17  1:03  SCV  
  18  1:15  SCV  
  19  1:28  Orbital Command, Reaper  
  20  1:39  Command Center  
  20  1:49  Supply Depot  
  20  1:54  SCV  
  20  2:00  Marine  
  22  2:06  Factory  
  22  2:11  SCV  
  22  2:13  Refinery  
  23  2:18  Marine  
  24  2:23  SCV  
  25  2:35  SCV  
  25  2:36  Marine  
  27  2:47  SCV  
  27  2:51  Hellion, Starport, Orbital Command  
  30  2:57  Marine  
  31  3:00  SCV  
  32  3:09  Barracks  
  32  3:13  Factory Tech Lab  
  32  3:15  Barracks Tech Lab  
  32  3:18  SCV  
  32  3:19  SCV  
  34  3:30  Medivac  
  36  3:37  Marine, Stimpack  
  36  3:38  Barracks  
  36  3:49  Siege Tank  
  36  3:53  SCV x2  
  41  3:55  Refinery  
  41  4:00  Barracks Reactor  
  41  4:03  Marine  
  41  4:06  Supply Depot  
  41  4:08  SCV x2  
  44  4:13  Supply Depot  
  44  4:17  Starport Reactor  
  44  4:22  SCV x2  
  46  4:30  Barracks Reactor  
  45  4:34  Supply Depot  
  43  4:42  Siege Tank, Marine x3  
  47  4:46  SCV x2  
  44  5:00  Marine  
  44  5:01  Marine x2, Medivac  
  44  5:02  Medivac  
  44  5:03  SCV x2  
  44  5:06  Marine x2  
  53  5:15  Siege Tank  
  53  5:17  SCV x2  
  53  5:18  Marine x2  
  53  5:19  Marine  
  61  5:24  Supply Depot  
  61  5:25  Marine x2  
  63  5:39  Marine x3  
  63  5:41  Medivac  
  68  5:43  Supply Depot, Marine x2  
  68  5:47  Siege Tank  
  68  5:48  SCV  
  74  5:50  Supply Depot  
  74  5:52  Combat Shields  
  74  5:59  Supply Depot  
  74  6:03  SCV x2  
  76  6:05  Marine x2  
  76  6:06  Marine x2  
  75  6:18  SCV x2  
  77  6:24  Medivac x2  
  81  6:30  SCV x2  
  81  6:31  Marine x3  
  81  6:32  Refinery, Marine x2  
  88  6:33  Siege Tank  
  90  6:49  SCV x2  
  90  6:52  Command Center  
  92  6:59  Marine x2  
  92  7:00  Marine x3  
  97  7:04  Medivac  
  97  7:05  Siege Tank  
  91  7:18  Marine x4  
  91  7:19  Marine  
  86  7:34  SCV x2  
  86  7:36  Marine  
  84  7:39  Engineering Bay  
  84  7:40  Engineering Bay  
  84  7:41  Barracks x2  
  78  7:44  Siege Tank, Marine x4  
  78  7:49  SCV x2  
  85  7:55  Medivac x2  
  86  8:11  Marine x2  
  86  8:12  Orbital Command, Marine x2  
  81  8:13  SCV x2  
  81  8:14  Marine  
  81  8:16  Terran Infantry Weapons Level 1  
  81  8:18  Terran Infantry Armor Level 1  
  84  8:25  Siege Tank  
  87  8:28  SCV x2  
  89  8:35  Barracks Reactor x2, Marine x4  
  93  8:47  Marine  
  94  8:50  Viking x2  
  94  8:53  Supply Depot  
  94  8:55  SCV x3  
  101  8:58  Refinery  
  101  9:00  Missile Turret  
  101  9:03  Missile Turret  
  101  9:05  Missile Turret  
  101  9:06  Siege Tank  
  104  9:15  Missile Turret x2  
  103  9:25  Marine x5  
  103  9:26  Marine x3  
  103  9:31  Marine  
  98  9:38  Siege Tank  
  98  9:43  Marine x6  
  98  9:44  Marine x2  
  98  9:45  Armory  
  108  9:49  Marine  
  96  10:00  Marine  
  96  10:01  Marine  
  71  10:07  Marine x3  
  71  10:08  Marine x2, SCV x2  
  71  10:09  SCV  
  71  10:10  Siege Tank  
  71  10:11  Marine x2  
  71  10:12  Medivac x2  
  86  10:24  SCV  
  86  10:25  SCV x2  
  86  10:26  Marine  
  90  10:29  Marine x2  
  90  10:30  Marine  
  93  10:38  SCV x3  
  96  10:56  Marine  
  107  11:07  Supply Depot  
Show
View Real Time Build Order
Export as new Build Order

EJK Terran - Winner!

Build Orders: Reaper Expand, Bio Tank 

Get SALT Encoding   

  12  0:01  SCV  
  13  0:13  SCV  
  14  0:17  Supply Depot  
  14  0:25  SCV  
  15  0:39  Barracks, SCV  
  16  0:45  Refinery  
  16  0:51  SCV  
  17  1:01  Supply Depot  
  17  1:04  SCV  
  18  1:16  SCV  
  19  1:28  Orbital Command  
  19  1:29  Reaper  
  20  1:54  Command Center  
  20  1:56  SCV  
  20  2:00  Marine  
  22  2:08  SCV  
  23  2:12  Factory  
  22  2:18  Marine  
  22  2:20  SCV  
  24  2:24  Refinery  
  24  2:32  SCV  
  25  2:42  Barracks Reactor  
  25  2:44  SCV  
  26  2:56  SCV  
  27  2:59  Factory Tech Lab  
  27  3:00  Starport  
  27  3:07  Orbital Command  
  27  3:08  SCV  
  28  3:20  Marine x2, SCV  
  28  3:23  Siege Tank  
  34  3:32  SCV  
  35  3:41  SCV  
  35  3:42  Marine x2  
  35  3:44  SCV  
  35  3:45  Viking  
  41  3:56  SCV  
  41  3:57  SCV  
  41  3:59  Supply Depot  
  41  4:00  Siege Tank  
  46  4:08  Supply Depot  
  46  4:14  Command Center  
  46  4:20  SCV x2  
  46  4:22  Viking  
  50  4:32  SCV x2  
  52  4:40  Refinery x2  
  52  4:44  SCV x2  
  51  4:56  SCV x2  
  51  4:59  Factory Tech Lab  
  49  5:05  Engineering Bay  
  49  5:06  Stimpack  
  49  5:07  Engineering Bay  
  49  5:09  SCV x2  
  51  5:20  Viking x2  
  51  5:21  SCV x2  
  57  5:28  Barracks  
  57  5:30  Barracks, Orbital Command  
  57  5:33  SCV  
  58  5:37  Terran Infantry Armor Level 1, Terran Infantry Weapons Level 1  
  58  5:40  SCV  
  59  5:45  SCV  
  59  5:48  Siege Tank  
  63  5:53  SCV  
  64  6:00  Barracks  
  64  6:02  Barracks  
  64  6:03  SCV x2  
  66  6:05  SCV  
  66  6:07  Medivac x2  
  71  6:15  SCV x2  
  71  6:17  SCV  
  70  6:19  Barracks Reactor  
  70  6:20  Barracks Reactor, Marine  
  70  6:23  Siege Tank  
  74  6:29  Supply Depot  
  74  6:34  SCV x3  
  74  6:35  Missile Turret  
  77  6:44  Marine  
  74  6:50  Medivac  
  74  6:53  SCV  
  78  6:55  Siege Tank  
  79  7:02  Armory, Marine x3  
  79  7:03  Marauder  
  79  7:04  Supply Depot  
  84  7:10  Combat Shields  
  80  7:20  Marine x2  
  80  7:21  Marine  
  74  7:24  Marauder  
  74  7:25  SCV  
  74  7:26  SCV  
  74  7:27  SCV  
  76  7:43  Siege Tank, Marine x4  
  85  7:49  Marine x3  
  85  7:52  Supply Depot  
  85  7:55  Terran Infantry Weapons Level 2, Terran Infantry Armor Level 2  
  83  8:01  Marine x2  
  82  8:10  Orbital Command  
  82  8:15  Siege Tank, Barracks Reactor  
  85  8:20  Supply Depot  
  85  8:21  Starport, Supply Depot  
  85  8:24  Terran Vehicle Weapons Level 1  
  85  8:29  Refinery  
  85  8:30  Marine  
  85  8:31  Marine x4, Marauder  
  85  8:32  Refinery  
  92  8:40  Missile Turret x2  
  92  8:48  Marine x2  
  92  8:49  Marine x2, SCV x2  
  92  8:52  Marauder  
  100  8:58  Starport Reactor  
  100  9:01  Supply Depot  
  100  9:05  Sensor Tower  
  100  9:12  Siege Tank  
  100  9:15  Marauder  
  105  9:17  SCV x2  
  105  9:23  SCV  
  106  9:29  SCV x2  
  108  9:35  SCV  
  108  9:36  Marine x7, Marauder  
  116  9:41  SCV x2  
  118  9:46  Missile Turret  
  118  9:47  SCV  
  112  9:53  Siege Tank, Marine, SCV x2  
  112  9:57  Medivac x2  
  112  9:59  SCV  
  121  10:03  Marine x2, Marauder  
  121  10:05  Marine x2  
  111  10:09  Marine  
  111  10:10  Marine  
  111  10:11  Marine  
  111  10:13  Factory  
  114  10:21  Marine x2  
  114  10:22  Marine  
  114  10:23  Marine  
  114  10:25  Siege Tank, Marauder  
  114  10:27  Medivac  
  125  10:30  Supply Depot  
  125  10:32  Barracks Reactor  
  125  10:40  Marine, Supply Depot, Medivac  
  125  10:41  Supply Depot x2  
  128  10:58  Factory Tech Lab  
  128  11:00  Barracks  
  128  11:01  Refinery  
  128  11:03  Barracks  
  138  11:05  Refinery  
Tags
 
Add a new tag
Caveats
  • Supply blocks, unpowered buildings, or Contaminate may cause inaccurate times.
  • Supply counts are checked every 10 seconds.